 Seeded DCSS version 0.28.0-43-g3370ac3207 (webtiles) character file.

Game seed: 197307 (custom seed)

14447 Kazon the Demolition Demonspawn (level 11, -21/87 HPs)
             Began as a Demonspawn Fighter on Mar 23, 2022.
             Was an Elder of Makhleb.
             Demolished by a komodo dragon (23 damage)
             ... on level 3 of the Lair of Beasts.
             The game lasted 00:57:42 (10840 turns).

Kazon the Demolition Demonspawn (DsFi)             Turns: 10840, Time: 00:57:42

Health: -21/87     AC: 22    Str: 24    XL:     11   Next: 88%
Magic:  0/17       EV: 10    Int:  9    God:    Makhleb [****..]
Gold:   362        SH: 10    Dex: 16    Spells: 10/10 levels left

rFire   + . .      SeeInvis +   b - +2 trident (vamp)
rCold   . . .      Faith    .   c - +0 kite shield
rNeg    + . .      Spirit   +   E - +3 chain mail of the Ten Xalams {+Inv Fly Will++ Dex+2}
rPois   .          Reflect  .   R - +0 helmet
rElec   .          Harm     .   A - +2 cloak {Stlth+}
rCorr   .          Rampage  .   k - +0 pair of gloves
Will    +++..                   (no boots)
Stlth   +.........              n - amulet of Joteh {RegenMP rN+ Str+4 SInv}
HPRegen 0.24/turn               F - ring of willpower
MPRegen 0.70/turn               U - ring of protection from fire

@: flying
A: thin metallic scales 1, magic shield, magic regeneration, weakness stinger 1,
shaggy fur 1, MP-powered wands, sturdy frame 1
a: Renounce Religion, Evoke Invisibility, Minor Destruction, Lesser Servant of
Makhleb, Major Destruction


You were on level 3 of the Lair of Beasts.
You worshipped Makhleb.
Makhleb was greatly pleased with you.
You visited 3 branches of the dungeon, and saw 14 of its levels.

You collected 677 gold pieces.
You spent 315 gold pieces at shops.

Inventory:

Hand Weapons
 b - a +2 vampiric trident (weapon)
 q - a +0 whip of venom
 x - the +3 war axe of Fimbulwinter {drain, rF+ rC+ Will++ Int+4}
   (You took it off a kobold brigand on level 7 of the Dungeon)

   A truly terrible weapon, it drains the life of any living foe it strikes.
   Int:       It affects your intelligence (+4).
   rF:        It protects you from fire.
   rC:        It protects you from cold.
   Will:      It greatly increases your willpower.
Missiles
 p - 15 poisoned darts (quivered)
 z - 2 boomerangs
 G - a curare-tipped dart
Armour
 c - a +0 kite shield (worn)
 k - a +0 pair of gloves (worn)
 A - a +2 cloak of stealth (worn)
 E - the +3 chain mail of the Ten Xalams (worn) {+Inv Fly Will++ Dex+2}
   (You found it on level 6 of the Dungeon)

   Dex:       It affects your dexterity (+2).
   +Inv:      It lets you turn invisible.
   Fly:       It grants you flight.
   Will:      It greatly increases your willpower.
 R - a +0 helmet (worn)
Jewellery
 n - the amulet of Joteh (around neck) {RegenMP rN+ Str+4 SInv}
   (You acquired it on level 3 of the Dungeon)

   [amulet of magic regeneration]

   It increases your rate of magic regeneration.
   Str:       It affects your strength (+4).
   rN:        It protects you from negative energy.
   SInv:      It lets you see invisible.
 F - a ring of willpower (left hand)
 M - a ring of ice
 U - a ring of protection from fire (right hand)
Wands
 j - a wand of mindburst (12)
 C - a wand of flame (4)
 H - a wand of paralysis (13)
 L - a wand of acid (19)
Scrolls
 e - 3 scrolls of teleportation
 f - 2 scrolls of identify
 o - 3 scrolls of vulnerability {unknown}
 r - a scroll of summoning
 s - 2 scrolls of immolation
 t - 4 scrolls of silence {unknown}
 u - 2 scrolls of blinking
 y - 2 scrolls of brand weapon {unknown}
 D - a scroll of fear {unknown}
 I - 2 scrolls of torment {unknown}
 J - a scroll of noise {unknown}
 K - a scroll of enchant armour {unknown}
 N - a scroll of amnesia {unknown}
 O - 2 scrolls of magic mapping {unknown}
 P - a scroll of fog
Potions
 d - 4 potions of might
 h - a potion of resistance
 i - 2 potions of heal wounds
 l - 3 potions of curing
 m - a potion of haste
 B - 2 potions of mutation
 S - 2 potions of ambrosia
 T - a potion of cancellation


   Skills:
 * Level 8.5 Fighting
 + Level 6.0(7.1) Axes
 + Level 4.1(5.6) Maces & Flails
 + Level 3.9(5.5) Polearms
 + Level 1.8(2.5) Slings
 + Level 2.5(2.8) Throwing
 + Level 6.5 Armour
 * Level 6.6 Dodging
 + Level 1.7 Stealth
 + Level 5.6 Shields
 + Level 9.2 Invocations
 * Level 6.1 Evocations


You had 10 spell levels left.
You didn't know any spells.
Your spell library contained the following spells:

 Spells                   Type           Power      Damage    Failure   Level
 Beastly Appendage        Tmut           0%         N/A       99%         1
 Wereblood                Tmut           0%         N/A       100%        2
 Ignite Poison            Fire/Tmut/Pois 0%         N/A       100%        3
 Mephitic Cloud           Conj/Pois/Air  0%         N/A       100%        3
 Spider Form              Tmut/Pois      0%         N/A       100%        3
 Cause Fear               Hex            0%         N/A       100%        4
 Olgreb's Toxic Radiance  Pois           0%         N/A       100%        4
 Fireball                 Conj/Fire      0%         3d3       100%        5
 Freezing Cloud           Conj/Ice/Air   0%         6-21      100%        5
 Starburst                Conj/Fire      0%         6d3       100%        6
 Dragon Form              Tmut           0%         N/A       100%        7
 Ozocubu's Refrigeration  Ice            0%         4d5       100%        7
 Ignition                 Fire           0%         3d3       100%        8
 Dragon's Call            Summ           0%         N/A       100%        9


Dungeon Overview and Level Annotations

Branches:
Dungeon (10/15)            Temple (1/1) D:4            Lair (3/6) D:10
  Swamp: Lair:2-4    Shoals: Lair:2-4     Snake: Lair:2-4    Spider: Lair:2-4
    Orc: D:9-12

Altars:
Ashenzari
Cheibriados
Dithmenos
Elyvilon
Fedhas
Gozag
Hepliaklqana
Kikubaaqudgha
Makhleb
Nemelex Xobeh
Okawaru
Qazlal
Ru
Sif Muna
Trog
Uskayaw
Vehumet
Wu Jian
Xom
Yredelemnul
Zin
The Shining One

Shops:
D:1 (   D:5 =   D:10 :

Annotations:
D:9 3 runed translucent doors, FuzzyBison's ghost, novice TeSu; Icepheonix32's ghost, novice DsFi; boopmooplesden's ghost, novice MiBe; tizbic2's ghost, novice OgFi
Lair:2 1 runed translucent door, reversiblehash's ghost, adept GnFi


Innate Abilities, Weirdness & Mutations

You are partially covered in thin metallic scales. (AC +2)
When hurt, damage is shared between your health and your magic reserves.
You regenerate magic rapidly.
You have a small tail.
You are covered in fur. (AC +1)
You expend magic power (3 MP) to strengthen your wands.
Your movements are slightly less encumbered by armour. (ER -2)


Message History

The komodo dragon is moderately wounded.
The komodo dragon bites you!! You block the komodo dragon's attack.
You puncture the komodo dragon!
Your tail-slap misses the komodo dragon.
The komodo dragon is heavily wounded.
You block the komodo dragon's attack.
You hit the komodo dragon.
Your tail-slap misses the komodo dragon.
The komodo dragon is heavily wounded.
The komodo dragon bites you!
You completely miss the komodo dragon.
The komodo dragon is heavily wounded.
The komodo dragon bites you.
You hit the komodo dragon but do no damage.
The komodo dragon is heavily wounded.
The komodo dragon closely misses you. The komodo dragon barely misses you.
You barely miss the komodo dragon.
The komodo dragon is heavily wounded.
You block the komodo dragon's attack.
You hit the komodo dragon but do no damage.
The komodo dragon is heavily wounded.
The komodo dragon bites you!!
You closely miss the komodo dragon.
Your tail-slap misses the komodo dragon.
The komodo dragon is heavily wounded.
The komodo dragon bites you!!
You puncture the komodo dragon!
You feel better.
The komodo dragon is severely wounded.
The komodo dragon bites you!
* * * LOW HITPOINT WARNING * * *
You hit the komodo dragon.
You feel better.
You tail-slap the komodo dragon.
The komodo dragon is almost dead.
The komodo dragon bites you!
* * * LOW HITPOINT WARNING * * *
The komodo dragon bites you!
* * * LOW HITPOINT WARNING * * *
You closely miss the komodo dragon.
The komodo dragon is almost dead.
The komodo dragon bites you!!
You die...

.### #.P# #
...#####.###
..#.....#.#
..........
##...#.P.#
.P.###...##...#
......l@#.⌠..#
.......#.....#
P..##.##⌠.>.⌠#
#### # ## #.....#
P#.#### ##.†.##
...... ###'###
##....#
#.....###.....##
#.....#....#.##.#.
#.#...#...........


You could see a komodo dragon.

Vanquished Creatures
  A two-headed ogre (D:10)
  3 cane toads (Lair:1)
  3 komodo dragons
  5 polar bears
  11 blink frogs
  2 wyverns
  Eustachio (D:6)
  15 yaks (Lair:1)
  2 steam dragons
  2 basilisks (Lair:1)
  Edmund (D:6)
  An acid dragon (D:8)
  3 water moccasins
  2 ice beasts (D:7)
  An orc warrior (D:9)
  7 black bears
  2 necrophages
  A sky beast (D:5)
  2 centaurs (D:8)
  A phantom (D:5)
  3 kobold brigands
  15 bullfrogs
  3 scorpions
  A water moccasin zombie (D:5)
  A water moccasin skeleton (D:4)
  6 wights
  23 killer bees
  A howler monkey (D:5)
  An electric eel (D:7)
  A bullfrog zombie (D:7)
  5 centaur zombies
  A hound (D:5)
  3 jellies
  7 orc priests
  3 iguanas
  A centaur skeleton (D:7)
  10 orc wizards
  A killer bee zombie (D:6)
  6 adders
  3 white imps
  An ufetubus (D:7)
  An adder skeleton (D:2)
  3 dart slugs
  22 orcs
  3 bats
  9 endoplasms
  2 giant cockroaches
  5 goblins
  7 hobgoblins
  5 jackals
  2 quokkas
  13 ball pythons
  6 frilled lizards
  21 kobolds
  3 rats
264 creatures vanquished.

Vanquished Creatures (others)
  6 fungi
  14 plants
20 creatures vanquished.

Grand Total: 284 creatures vanquished

Notes
Turn   | Place    | Note
-------+----------+-------------------------------------------
     0 | D:1      | Kazon the Demonspawn Fighter began the quest for the Orb.
     0 | D:1      | Reached XP level 1. HP: 18/18 MP: 1/1
   153 | D:1      | Found a faded altar of an unknown god.
   181 | D:1      | Found Upesat's Weapon Boutique.
   293 | D:1      | Gained mutation: You regenerate magic rapidly. [demonic
                  | ancestry]
   293 | D:1      | Reached XP level 2. HP: 24/24 MP: 2/2
  1001 | D:2      | Noticed a scorpion
  1008 | D:2      | Killed a scorpion
  1009 | D:2      | Gained mutation: You are partially covered in thin metallic
                  | scales. (AC +2) [demonic ancestry]
  1009 | D:2      | Reached XP level 3. HP: 21/29 MP: 3/3
  1009 | D:2      | Gained mutation: When hurt, damage is shared between your
                  | health and your magic reserves. [demonic ancestry]
  1009 | D:2      | Reached XP level 4. HP: 26/36 MP: 4/4
  1060 | D:2      | Found a hide-covered altar of Uskayaw.
  1735 | D:3      | Reached skill level 1 in Maces & Flails
  1750 | D:3      | Identified a scroll of acquirement
  1750 | D:3      | Acquired the amulet of Joteh {RegenMP rN+ Str+4 SInv}
  1862 | D:3      | Noticed a necrophage
  1878 | D:3      | Killed a necrophage
  1879 | D:3      | Reached skill level 1 in Dodging
  1879 | D:3      | Reached XP level 5. HP: 40/42 MP: 5/5
  2199 | D:3      | Reached XP level 6. HP: 28/48 MP: 6/6
  2485 | D:3      | Found a sparkling altar of Nemelex Xobeh.
  2665 | D:4      | Found a staircase to the Ecumenical Temple.
  2682 | Temple   | Entered the Ecumenical Temple
  2754 | Temple   | Became a worshipper of Makhleb the Destroyer
  3043 | D:4      | HP: 2/48 [water moccasin skeleton (3)]
  3048 | D:4      | HP: 1/48 [water moccasin skeleton (1)]
  3054 | D:4      | Reached skill level 1 in Invocations
  3054 | D:4      | HP: 1/48 [orc priest/nerve-wracking pain (1)]
  3485 | D:5      | Entered Level 5 of the Dungeon
  3543 | D:5      | Reached * piety under Makhleb
  3544 | D:5      | Gained mutation: You have a small tail. [demonic ancestry]
  3544 | D:5      | Reached XP level 7. HP: 43/55 MP: 5/7
  3569 | D:5      | Reached skill level 1 in Slings
  3613 | D:5      | Found a hide-covered altar of Uskayaw.
  3618 | D:5      | Found a basalt altar of Yredelemnul.
  3620 | D:5      | Found a shimmering altar of Xom.
  3623 | D:5      | Found an ancient bone altar of Kikubaaqudgha.
  3669 | D:5      | Reached skill level 2 in Invocations
  3735 | D:5      | Reached skill level 3 in Invocations
  3829 | D:5      | Found Topp's Jewellery Emporium.
  3873 | D:5      | Reached skill level 4 in Invocations
  3880 | D:5      | Reached skill level 1 in Throwing
  3880 | D:5      | Reached XP level 8. HP: 30/61 MP: 11/11
  4183 | D:6      | Reached skill level 5 in Fighting
  5031 | D:6      | Reached skill level 5 in Invocations
  5074 | D:6      | Noticed Edmund
  5081 | D:6      | Killed Edmund
  5149 | D:6      | Identified the +3 chain mail of the Ten Xalams {+Inv Fly
                  | Will++ Dex+2}
  5182 | D:6      | Noticed Eustachio
  5203 | D:6      | Killed Eustachio
  5204 | D:6      | Reached skill level 1 in Evocations
  5768 | D:1      | Bought a +2 vampiric trident for 315 gold pieces
  5971 | D:7      | Reached skill level 5 in Armour
  5971 | D:7      | Reached skill level 1 in Stealth
  5995 | D:7      | Reached XP level 9. HP: 69/69 MP: 13/13
  6008 | D:7      | Reached ** piety under Makhleb
  6211 | D:7      | Found a hazy altar of Hepliaklqana.
  6211 | D:7      | Found a snail-covered altar of Cheibriados.
  6218 | D:7      | Reached skill level 1 in Polearms
  6270 | D:7      | Gained mutation: You expend magic power (3 MP) to
                  | strengthen your wands. [potion of mutation]
  6270 | D:7      | Gained mutation: Your movements are slightly less
                  | encumbered by armour. (ER -2) [potion of mutation]
  6270 | D:7      | Gained mutation: You are covered in fur. (AC +1) [potion of
                  | mutation]
  6305 | D:7      | Reached skill level 6 in Invocations
  6320 | D:7      | Identified the +3 war axe of Fimbulwinter {drain, rF+ rC+
                  | Will++ Int+4}
  7422 | D:8      | Reached skill level 7 in Invocations
  7437 | D:9      | Reached XP level 10. HP: 75/77 MP: 15/15
  7608 | D:9      | Reached skill level 5 in Dodging
  7613 | D:9      | Reached *** piety under Makhleb
  8119 | D:9      | Found a runed translucent gate.
  8120 | D:9      | Found a runed translucent gate.
  8121 | D:9      | Found a runed translucent gate.
  8121 | D:9      | Noticed FuzzyBison's ghost (novice TeSu)
  8123 | D:9      | Noticed boopmooplesden's ghost (novice MiBe)
  8123 | D:9      | Noticed Icepheonix32's ghost (novice DsFi)
  8123 | D:9      | Noticed tizbic2's ghost (novice OgFi)
  8220 | D:10     | Entered Level 10 of the Dungeon
  8220 | D:10     | Noticed a two-headed ogre
  8226 | D:10     | Killed a two-headed ogre
  8239 | D:10     | Found a staircase to the Lair.
  8326 | D:10     | Found Avuto's Book Shop.
  8345 | D:10     | Found an ornate altar of the Wu Jian Council.
  8372 | D:10     | Found a shimmering blue altar of Sif Muna.
  8945 | Lair:1   | Entered Level 1 of the Lair of Beasts
  8951 | Lair:1   | Noticed a cane toad
  8969 | Lair:1   | Killed a cane toad
  8981 | Lair:1   | Reached skill level 8 in Invocations
  8984 | Lair:1   | Reached **** piety under Makhleb
  8985 | Lair:1   | Reached skill level 5 in Axes
  9046 | Lair:1   | Noticed a cane toad
  9061 | Lair:1   | Killed a cane toad
  9118 | Lair:1   | Noticed a cane toad
  9126 | Lair:1   | Reached XP level 11. HP: 59/84 MP: 14/17
  9143 | Lair:1   | Reached skill level 5 in Evocations
  9160 | Lair:1   | Reached skill level 5 in Shields
  9876 | Lair:2   | Reached skill level 9 in Invocations
 10094 | Lair:2   | Found a runed translucent door.
 10096 | Lair:2   | Noticed reversiblehash's ghost (adept GnFi)
 10097 | Lair:2   | Identified the +0 trident of Slow Death {vorpal, rElec rN+}
 10097 | Lair:2   | Noticed a spriggan rider
 10839 | Lair:3   | HP: 1/87 [komodo dragon (10)]
 10840 | Lair:3   | Demolished by a komodo dragon

Illustrated notes

Levels and vault maps discovered:
D:1:      roderic_crossed_star, layout_basic, chequers_ecumenical_altar_simple,
          serial_shops, nicolae_shop_bloodbath_and_beyond
D:2:      layout_basic, serial_aquarium, aquarium_bridge_square
          [aquarium_subvault_window, aquarium_subvault_bridge,
          aquarium_subvault_bridge, aquarium_subvault_bridge],
          aquarium_window_1, aquarium_window_1, aquarium_window_corner,
          aquarium_view_2e, aquarium_balcony_5b, aquarium_pool_1, basic_altar
D:3:      layout_basic, nemelex_dance_club_becter
D:4:      minmay_wonky_spiral, layout_basic, minmay_temple_entry_sparse_star,
          serial_forest, infiniplex_forest_lined_3,
          infiniplex_forest_clump_double, infiniplex_forest_lined_ring,
          infiniplex_forest_lined_ring, infiniplex_forest_clump_tiny,
          infiniplex_forest_clump_small
D:5:      layout_gridville, minitemple, serial_shops, shop
D:6:      layout_basic, nicolae_figureground_pulse, uniq_edmund, uniq_eustachio
D:7:      layout_rooms, jmf_multi_god_temple, kennysheep_potato
D:8:      layout_cave_pools
D:9:      layout_cave_pools, gammafunk_ghost_cemetery, serial_column_ruins,
          column_ruins_hut, column_ruins_open_tiny, column_ruins_open_medium,
          column_ruins_open_small, column_ruins_columns_straight,
          column_ruins_columns_dead_end
D:10:     layout_loops_ring, mainiacjoe_overflow_catch_the_wave,
          lair_entry_dummy, serial_shops, nicolae_shop_crystal
Temple:   nicolae_temple_x_marks_the_god
Lair:1:   layout_chaotic_city, st_stairs_12, grunt_megastairs_4
Lair:2:   beast_lair_carwin_large_1, layout_small_grid,
          ebering_ghost_funeral_grove
Lair:3:   layout_gridlike, grunt_megastairs_1

Skill      XL: |  1  2  3  4  5  6  7  8  9 10 11 |
---------------+----------------------------------+-----
Axes           | 2 3 5 6 |  6.0
Armour         | 3 4 5 6 |  6.5
Shields        | 3 4 5 |  5.6
Maces & Flails | 1 2 3 4 |  4.1
Dodging        | 1 2 3 4 6 |  6.6
Fighting       | 4 5 6 7 8 |  8.5
Invocations    | 1 4 5 7 8 9 |  9.2
Slings         | 1 |  1.8
Throwing       | 1 2 |  2.5
Evocations     | 1 3 4 6 |  6.1
Stealth        | 1 |  1.7
Polearms       | 2 3 |  3.9

Action                   |  1- 3 |  4- 6 |  7- 9 | 10-12 || total
-------------------------+-------+-------+-------+-------++-------
Melee: War axe           |    21 |       |   108 |   201 ||   330
       Whip              |    26 |   251 |   159 |    50 ||   486
       Tailslap          |       |       |    45 |    88 ||   133
       Trident           |       |       |    92 |   261 ||   353
 Fire: Hunting sling     |       |     6 |    16 |     1 ||    23
Throw: Stone             |     5 |    29 |    51 |    44 ||   129
       Dart              |       |       |     2 |    20 ||    22
Invok: Minor Destruction |       |       |       |     8 ||     8
Evoke: Wand              |       |       |       |     2 ||     2
  Use: Scroll            |       |     1 |     9 |     4 ||    14
       Potion            |       |       |     4 |     3 ||     7
 Stab: Paralysed         |       |       |       |     4 ||     4
Armor: Scale mail        |    19 |    93 |    63 |       ||   175
       Chain mail        |       |       |   151 |   297 ||   448
Dodge: Dodged            |    27 |    86 |   181 |   205 ||   499
Block: Buckler           |     9 |    53 |    61 |       ||   123
       Kite shield       |       |       |    74 |   294 ||   368
